Heat vs Wolves

Created - Wednesday, January 22, 2025 at 21:40

Goals
1 2 3 T
Heat 1 2 2 5
Wolves 1 1 1 3
Shots
1 2 3 T
Heat 9 11 16 36
Wolves 15 12 10 37

1st period

1. Heat , Jiri Kulich 18 (Georgi Merkulov 20, John Klingberg 38) at 10:47
2. Wolves , Ethan Cardwell 18 (James van Riemsdyk 5, Marco Kasper 17) at 15:45

Penalties :
Nathan Walker (STO) for High sticking (Minor) at 13:12

2nd period

3. Heat , Mike Reilly 6 (Georgi Merkulov 21, Jiri Kulich 16) at 4:32 (PP)
4. Heat , Sam Gagner 17 (Jiri Kulich 17, Mike Reilly 30) at 5:23 (PP)
5. Wolves , Kyle McDonald 19 (Nils aman 22, Samuel Bolduc 26) at 13:28

Penalties :
Ben King (CHI) for High sticking (Minor) at 3:08, Luke Toporowski (CHI) for Interference (Minor) at 4:33, Samuel Bolduc (CHI) for Tripping (Minor) at 5:33, Ryan Johnson (STO) for Roughing (Minor) at 8:42

3rd period

6. Wolves , James van Riemsdyk 2 (Logan Mailloux 20, David Reinbacher 14) at 8:40
7. Heat , Jiri Kulich 19 (John Klingberg 39, Georgi Merkulov 22) at 14:14
8. Heat , Josh Doan 25 (Jayson Megna 31, Nathan Walker 20) at 16:11 (PP)

Penalties :
Mike Reilly (STO) for Slashing (Minor) at 10:17, Marco Kasper (CHI) for Delaying the game (Minor) at 14:23, Samuel Bolduc (CHI) for Cross-checking (Minor) at 17:29, Alex Goligoski (STO) for Hooking (Minor) at 19:43

Goalie Stats

Connor MurphyG (STO), 34 saves from 37 shots - (0.919), W, 28-11-3, 60:00 minutes
Yaroslav Askarov (CHI), 31 saves from 36 shots - (0.861), L, 26-15-4, 60:00 minutes

Players Stats for Heat

Player Name              G  A  P  +/- PIM S  H  SB GA TA FO     MP     PP MP  PK MP  
------------------------------------------------------------------------------------
Alex Goligoski           0  0  0   2  2   3  1  6  0  0  0/0    22:33   3:18   2:37 
Andrew Agozzino          0  0  0   0  0   2  2  0  0  0  12/17  14:38   0:00   3:19 
Angus Crookshank         0  0  0  -2  0   0  0  0  0  0  0/1    14:33   0:00   2:54 
Anthony Richard          0  0  0  -2  0   0  0  0  0  0  0/0    11:39   0:00   0:00 
Chris Terry              0  0  0   0  0   2  0  0  0  0  3/3    14:38   0:00   3:19 
Georgi Merkulov          0  3  3   1  0   2  1  0  0  0  1/1    16:04   4:36   0:00 
Jayson Megna             0  1  1   0  0   1  2  0  0  0  7/21   14:45   3:24   0:00 
Jiri Kulich              2  2  4   1  0   4  0  1  0  0  13/21  16:04   4:36   0:00 
Joel Hanley              0  0  0  -1  0   0  1  3  0  0  0/0    18:27   0:00   2:58 
John Klingberg           0  2  2   1  0   3  1  3  0  0  0/0    20:20   3:18   1:26 
Josh Doan                1  0  1   0  0   4  1  0  0  0  0/2    14:45   3:24   0:00 
Marcus Bjork             0  0  0  -2  0   0  1  5  0  0  0/0    17:06   0:00   2:42 
Max McCormick            0  0  0   0  0   4  0  0  0  0  1/4    11:19   0:00   0:00 
Mike Reilly              1  1  2  -1  2   3  1  1  0  0  0/0    20:29   4:42   1:01 
Nathan Walker            0  1  1   0  2   2  3  0  0  0  2/3    14:44   3:24   0:00 
Ryan Johnson             0  0  0  -1  2   1  0  0  0  0  0/0    21:02   4:42   1:42 
Sam Gagner               1  0  1   1  0   4  0  0  0  0  1/3    16:04   4:36   0:00 
Tanner Laczynski         0  0  0  -2  0   1  1  0  0  0  15/21  14:33   0:00   2:54 

Players Stats for Wolves

Player Name              G  A  P  +/- PIM S  H  SB GA TA FO     MP     PP MP  PK MP  
------------------------------------------------------------------------------------
Alex Jefferies           0  0  0   0  0   0  0  0  0  0  0/0     0:00   0:00   0:00 
Ben King                 0  0  0  -1  2   1  2  0  0  0  14/28  18:11   3:09   0:11 
Brennan Othmann          0  0  0  -1  0   6  1  0  0  0  0/0    20:46   3:02   2:52 
Carson Lambos            0  0  0   0  0   1  2  0  0  0  0/0    17:38   0:40   1:21 
Corson Ceulemans         0  0  0   0  0   0  0  1  0  0  0/0    15:58   0:00   0:00 
Daemon Hunt              0  0  0  -1  0   4  0  1  0  0  0/0    23:03   3:37   4:35 
David Reinbacher         0  1  1   1  0   1  0  0  0  0  0/0    20:02   2:29   3:18 
Ethan Cardwell           1  0  1   1  0   4  3  0  0  0  0/0    13:32   0:33   0:00 
Fabian Lysell            0  0  0  -1  0   2  2  0  0  0  4/11   22:58   3:09   4:57 
James van Riemsdyk       1  1  2   2  0   8  1  0  0  0  3/16   19:43   0:00   0:00 
Jesse Puljujarvi         0  0  0   0  0   0  0  0  0  0  0/0     0:45   0:00   0:00 
Kyle McDonald            1  0  1   1  0   3  5  1  0  0  1/4    20:27   2:31   0:00 
Logan Mailloux           0  1  1   2  0   1  1  2  0  0  0/0    20:59   2:03   4:32 
Luke Toporowski          0  0  0   2  2   0  3  0  0  0  0/1     7:34   0:07   0:00 
Marco Kasper             0  1  1   1  2   0  1  1  0  0  6/12   13:16   0:00   0:18 
Nils aman                0  1  1   0  0   3  0  0  0  0  11/21  16:24   3:04   2:42 
Samuel Bolduc            0  1  1   0  4   0  0  0  0  0  0/0    21:33   3:37   2:14 
Zachary Bolduc           0  0  0  -1  0   3  1  1  0  0  3/4    19:06   3:04   5:00 

3 Stars

1 - Jiri Kulich (STO)
2 - Georgi Merkulov (STO)
3 - James van Riemsdyk (CHI)

Power Play

Heat - 3 on 5 Attempt(s) - 60.00%
Wolves - 0 on 4 Attempt(s) - 0.00%

Penalty Kill

Heat - 4 on 4 Attempt(s) - 100.00% - Score 0 goal in Penalty Kill
Wolves - 2 on 5 Attempt(s) - 40.00% - Score 0 goal in Penalty Kill

Team Stat

Heat - Hits : 15 - Faceoff Wins : 55 - Blocked Shots : 19 - Penalty Minutes : 8
Wolves - Hits : 22 - Faceoff Wins : 42 - Blocked Shots : 7 - Penalty Minutes : 10

Official

Referees : Conor O'Donnell and Chris Schlenker
Linesman : Jonny Murray and Travis Gawryletz

Game Notes

No Game Note

Finance

Level 1 -- Attendance: 1914 (95.70%) -- Ticket Income $66,990
Level 2 -- Attendance: 1000 (100.00%) -- Ticket Income $15,000
Total Attendance: 2914 (97.13%)
Total Ticket Income: $81,990
Other Income: $40,175
Total Income: $122,165

Heat

5 vs 5 Forward 
   Center                   Left Wing                Right Wing               Time % Phy DF OF 
 1 Jayson Megna             Nathan Walker            Josh Doan                25     1   2  2  
 2 Jiri Kulich              Georgi Merkulov          Sam Gagner               25     1   2  2  
 3 Tanner Laczynski         Angus Crookshank         Anthony Richard          25     1   2  2  
 4 Andrew Agozzino          Max McCormick            Chris Terry              25     1   2  2  

5 vs 5 Defense 
   Defense                  Defense                                           Time % Phy DF OF 
 1 Alex Goligoski           John Klingberg                                    34     1   2  2  
 2 Mike Reilly              Joel Hanley                                       32     1   2  2  
 3 Ryan Johnson             Marcus Bjork                                      30     1   2  2  
 4 Joel Hanley              Alex Goligoski                                    4      1   2  2  

PowerPlay Forward 
   Center                   Left Wing                Right Wing               Time % Phy DF OF 
 1 Jayson Megna             Nathan Walker            Josh Doan                50     0   0  5  
 2 Jiri Kulich              Georgi Merkulov          Sam Gagner               50     0   0  5  

PowerPlay Defense
   Defense                  Defense                                           Time % Phy DF OF 
 1 Alex Goligoski           John Klingberg                                    50     0   1  4  
 2 Mike Reilly              Ryan Johnson                                      50     0   1  4  

Penalty Kill 4 Players Forward 
   Center                   Wing                     Time % Phy DF OF 
 1 Tanner Laczynski         Angus Crookshank         50     1   4  0  
 2 Andrew Agozzino          Chris Terry              50     1   4  0  

Penalty Kill 4 Players Defense
   Defense                  Defense                  Time % Phy DF OF 
 1 Alex Goligoski           Ryan Johnson             50     1   4  0  
 2 Joel Hanley              Marcus Bjork             50     1   4  0  

Penalty Kill - 3 Players Forward 
   Forward                                           Time % Phy DF OF 
 1 Tanner Laczynski                                  50     0   5  0  
 2 Andrew Agozzino                                   50     0   5  0  

Penalty Kill - 3 Players Defense
   Defense                  Defense                  Time % Phy DF OF 
 1 Joel Hanley              Marcus Bjork             50     0   5  0  
 2 Alex Goligoski           Ryan Johnson             50     0   5  0  

4 vs 4 Forward 
   Center                   Wing                     Time % Phy DF OF 
 1 Jayson Megna             Josh Doan                50     1   2  2  
 2 Jiri Kulich              Sam Gagner               50     1   2  2  

4 vs 4 Defense
   Defense                  Defense                  Time % Phy DF OF 
 1 Alex Goligoski           Mike Reilly              50     1   2  2  
 2 Joel Hanley              John Klingberg           50     1   2  2  

Last Minutes Offensive
   Center                   Left Wing                Right Wing               Defense                  Defense                  
   Jayson Megna             Nathan Walker            Josh Doan                Alex Goligoski           John Klingberg           

Last Minutes Defensive
   Center                   Left Wing                Right Wing               Defense                  Defense                  
   Jayson Megna             Andrew Agozzino          Josh Doan                Alex Goligoski           Joel Hanley              

Goaltenders
Starting : Connor MurphyG           
Backup : Ales Stezka              

Extra Forwards
Normal : Anthony Richard, Angus Crookshank, Tanner Laczynski - PP : Anthony Richard, Max McCormick - PK : Josh Doan
Extra Defensemen
Normal : Marcus Bjork, Ryan Johnson, Mike Reilly - PP : Marcus Bjork - PK : Mike Reilly, John Klingberg
Penalty Shots
Jiri Kulich, Max McCormick, Anthony Richard, Georgi Merkulov, Sam Gagner
Custom OT Lines Forwards
Josh Doan, Jayson Megna, Sam Gagner, Nathan Walker, Anthony Richard, Jiri Kulich, Georgi Merkulov, Max McCormick, Tanner Laczynski, Andrew Agozzino
Custom OT Lines Defensemen
John Klingberg, Alex Goligoski, Mike Reilly, Joel Hanley, Ryan Johnson

Scratches
Cameron Hughes (Healthy), Tristen Robins (Healthy), Tyler Pitlick (Healthy), Alexander Barabanov (Healthy), John Hayden (Healthy)
Ivan Miroshnichenko (Healthy), Zach Dean (Healthy), Tanner Kero (Healthy), Radim Simek (Healthy), Byron Froese (Healthy)
Ben McCartney (Healthy), Cole Reinhardt (Healthy), Stanislav Svozil (Healthy), Lucas Ciona (Healthy), Farm Player 100 (Healthy)
Michael Mersch (Healthy), Filip Roos (Healthy), Valtteri Pulli (Healthy), Ben Jones (Healthy), Sam Morton (Healthy)
Glenn Gawdin (Healthy), Marian Studenic (Healthy), Ben Gleason (Healthy), Nolan Stevens (Healthy), Chase Wouters (Healthy)
Danila Klimovich (Healthy), Curtis McKenzie (Healthy), Linus Weissbach (Healthy), Vladislav Kolyachonok (Healthy), Zac Dalpe (Healthy)
Jared McIsaac (Healthy), Jaxson Stauber (Healthy), Georgi Romanov (Healthy), Tomas Suchanek (Healthy)

Wolves

5 vs 5 Forward 
   Center                   Left Wing                Right Wing               Time % Phy DF OF 
 1 Nils aman                Zachary Bolduc           Kyle McDonald            25     1   2  2  
 2 Ben King                 Brennan Othmann          Fabian Lysell            25     1   2  2  
 3 Marco Kasper             James van Riemsdyk       Ethan Cardwell           25     1   2  2  
 4 James van Riemsdyk       Luke Toporowski          Kyle McDonald            25     1   2  2  

5 vs 5 Defense 
   Defense                  Defense                                           Time % Phy DF OF 
 1 Samuel Bolduc            Daemon Hunt                                       25     1   2  2  
 2 Logan Mailloux           David Reinbacher                                  25     1   2  2  
 3 Carson Lambos            Corson Ceulemans                                  25     1   2  2  
 4 Samuel Bolduc            Daemon Hunt                                       25     1   2  2  

PowerPlay Forward 
   Center                   Left Wing                Right Wing               Time % Phy DF OF 
 1 Nils aman                Zachary Bolduc           Kyle McDonald            60     1   2  2  
 2 Ben King                 Brennan Othmann          Fabian Lysell            40     1   2  2  

PowerPlay Defense
   Defense                  Defense                                           Time % Phy DF OF 
 1 Samuel Bolduc            Daemon Hunt                                       60     1   2  2  
 2 Logan Mailloux           David Reinbacher                                  40     1   2  2  

Penalty Kill 4 Players Forward 
   Center                   Wing                     Time % Phy DF OF 
 1 Fabian Lysell            Zachary Bolduc           60     1   2  2  
 2 Nils aman                Brennan Othmann          40     1   2  2  

Penalty Kill 4 Players Defense
   Defense                  Defense                  Time % Phy DF OF 
 1 Samuel Bolduc            Daemon Hunt              60     1   2  2  
 2 Logan Mailloux           David Reinbacher         40     1   2  2  

Penalty Kill - 3 Players Forward 
   Forward                                           Time % Phy DF OF 
 1 Nils aman                                         60     1   2  2  
 2 Zachary Bolduc                                    40     1   2  2  

Penalty Kill - 3 Players Defense
   Defense                  Defense                  Time % Phy DF OF 
 1 Samuel Bolduc            Daemon Hunt              60     1   2  2  
 2 Logan Mailloux           David Reinbacher         40     1   2  2  

4 vs 4 Forward 
   Center                   Wing                     Time % Phy DF OF 
 1 Fabian Lysell            Zachary Bolduc           60     1   2  2  
 2 Nils aman                Brennan Othmann          40     1   2  2  

4 vs 4 Defense
   Defense                  Defense                  Time % Phy DF OF 
 1 Samuel Bolduc            Daemon Hunt              60     1   2  2  
 2 Logan Mailloux           David Reinbacher         40     1   2  2  

Last Minutes Offensive
   Center                   Left Wing                Right Wing               Defense                  Defense                  
   Nils aman                Zachary Bolduc           Fabian Lysell            Samuel Bolduc            Daemon Hunt              

Last Minutes Defensive
   Center                   Left Wing                Right Wing               Defense                  Defense                  
   Nils aman                Zachary Bolduc           Fabian Lysell            Samuel Bolduc            Daemon Hunt              

Goaltenders
Starting : Yaroslav Askarov         
Backup : Brandon Bussi            

Extra Forwards
Normal : Ethan Cardwell, Kyle McDonald, Marco Kasper - PP : Ethan Cardwell, Kyle McDonald - PK : Marco Kasper
Extra Defensemen
Normal : Carson Lambos, Samuel Bolduc, Logan Mailloux - PP : Carson Lambos - PK : Daemon Hunt, Logan Mailloux
Penalty Shots
Kyle McDonald, Zachary Bolduc, Nils aman, Brennan Othmann, Fabian Lysell
Custom OT Lines Forwards
James van Riemsdyk, Zachary Bolduc, Nils aman, Brennan Othmann, Fabian Lysell, Ethan Cardwell, Ben King, Kyle McDonald, Marco Kasper, Luke Toporowski
Custom OT Lines Defensemen
Samuel Bolduc, Daemon Hunt, Logan Mailloux, David Reinbacher, Carson Lambos

Scratches
Ville Petman (Healthy), Riley Bezeau (Healthy), Felix Robert (Healthy), Kyle Masters (Healthy), William Stromgren (Healthy)
Josh Lopina (Healthy), Calle Sjalin (Healthy), D.J. Busdeker (Healthy), Tag Bertuzzi (Healthy), Logan Nijhoff (Healthy)
Keaton Mastrodonato (Healthy), Gabriel Bourque (Healthy), Cale Morris (Healthy)

% Time on Ice - Heat

Lines # - Real PCT - Wanted PCT - Time Play
Normal Forward
1 - 25% - 25% - 11:21
2 - 25% - 25% - 11:28
3 - 25% - 25% - 11:39
4 - 25% - 25% - 11:19
Normal Defense
1 - 33% - 34% - 15:16
2 - 32% - 32% - 14:47
3 - 31% - 30% - 14:21
4 - 3% - 4% - 1:23
PP Forward
1 - 43% - 50% - 3:24
2 - 58% - 50% - 4:36
PP Defense
1 - 41% - 50% - 3:18
2 - 59% - 50% - 4:42
PK Forward
1 - 47% - 50% - 2:54
2 - 53% - 50% - 3:19
PK Defense
1 - 57% - 50% - 3:31
2 - 43% - 50% - 2:42
PK3 Forward
1 - 0% - 50%
2 - 0% - 50%
PK3 Defense
1 - 0% - 50%
2 - 0% - 50%
44 Forward
1 - 0% - 50%
2 - 0% - 50%
44 Defense
1 - 0% - 50%
2 - 0% - 50%
Last Minute Offensive  - 0:00
Last Minute Defensive  - 0:00
Total
Forward - 60:00
Defense - 60:00

% Time on Ice - Wolves

Lines # - Real PCT - Wanted PCT - Time Play
Normal Forward
1 - 23% - 25% - 10:38
2 - 32% - 25% - 14:52
3 - 28% - 25% - 12:59
4 - 16% - 25% - 7:18
Normal Defense
1 - 16% - 25% - 7:33
2 - 31% - 25% - 14:15
3 - 36% - 25% - 16:21
4 - 17% - 25% - 7:38
PP Forward
1 - 49% - 60% - 3:04
2 - 51% - 40% - 3:09
PP Defense
1 - 58% - 60% - 3:37
2 - 42% - 40% - 2:36
PK Forward
1 - 66% - 60% - 5:18
2 - 34% - 40% - 2:42
PK Defense
1 - 78% - 60% - 6:12
2 - 23% - 40% - 1:48
PK3 Forward
1 - 0% - 60%
2 - 0% - 40%
PK3 Defense
1 - 0% - 60%
2 - 0% - 40%
44 Forward
1 - 0% - 60%
2 - 0% - 40%
44 Defense
1 - 0% - 60%
2 - 0% - 40%
Last Minute Offensive  - 0:00
Last Minute Defensive  - 0:00
Total
Forward - 60:00
Defense - 60:00

Play-by-Play

1st period


0:01 of 1st period - Nils aman wins face-off versus Jayson Megna in neutral zone.
0:12 of 1st period - Shot by Zachary Bolduc.
0:12 of 1st period - Shot Misses the Net.
0:56 of 1st period - Joel Hanley is hit by Ben King and loses puck.
1:07 of 1st period - Shot by Sam Gagner.
1:07 of 1st period - Deflect By Jiri Kulich.
1:07 of 1st period - Shot Blocked by Logan Mailloux.
1:22 of 1st period - Shot by Jiri Kulich.
1:22 of 1st period - Stopped by Yaroslav Askarov without a rebound.
1:23 of 1st period - Tanner Laczynski wins face-off versus Marco Kasper in Wolves zone.
1:26 of 1st period - Shot by Angus Crookshank.
1:26 of 1st period - Shot Misses the Net.
1:54 of 1st period - Shot by Tanner Laczynski.
1:54 of 1st period - Shot Blocked by Marco Kasper.
3:11 of 1st period - John Klingberg is hit by Fabian Lysell and loses puck.
3:16 of 1st period - Shot by Brennan Othmann.
3:16 of 1st period - Shot Blocked by Alex Goligoski.
3:24 of 1st period - Shot by Brennan Othmann.
3:24 of 1st period - Stopped by Connor MurphyG with a rebound.
3:34 of 1st period - Shot by James van Riemsdyk.
3:34 of 1st period - Deflect By Kyle McDonald.
3:34 of 1st period - Stopped by Connor MurphyG without a rebound.
3:35 of 1st period - Nathan Walker wins face-off versus Marco Kasper in Heat zone.
3:35 of 1st period - Nathan Walker is hit by Ethan Cardwell.
3:59 of 1st period - Shot by Jayson Megna.
3:59 of 1st period - Shot Misses the Net.
4:01 of 1st period - Shot by Jayson Megna.
4:01 of 1st period - Stopped by Yaroslav Askarov without a rebound.
4:02 of 1st period - Chris Terry wins face-off versus Nils aman in Wolves zone.
4:05 of 1st period - Shot by Max McCormick.
4:05 of 1st period - Stopped by Yaroslav Askarov with a rebound.
4:07 of 1st period - Shot by Max McCormick.
4:07 of 1st period - Shot Misses the Net.
4:09 of 1st period - Shot by Andrew Agozzino.
4:09 of 1st period - Shot Misses the Net.
4:11 of 1st period - Shot by Andrew Agozzino.
4:11 of 1st period - Stopped by Yaroslav Askarov with a rebound.
4:13 of 1st period - Shot by Alex Goligoski.
4:13 of 1st period - Shot Blocked by Zachary Bolduc.
4:15 of 1st period - Shot by John Klingberg.
4:15 of 1st period - Stopped by Yaroslav Askarov without a rebound.
4:16 of 1st period - Tanner Laczynski wins face-off versus Ben King in Wolves zone.
4:16 of 1st period - Mike Reilly is hit by Logan Mailloux and loses puck.
5:20 of 1st period - Shot by John Klingberg.
5:20 of 1st period - Stopped by Yaroslav Askarov with a rebound.
5:25 of 1st period - Off-side.
5:26 of 1st period - Jiri Kulich wins face-off versus Nils aman in neutral zone.
6:01 of 1st period - Shot by Georgi Merkulov.
6:01 of 1st period - Shot Misses the Net.
6:37 of 1st period - Shot by Max McCormick.
6:37 of 1st period - Stopped by Yaroslav Askarov without a rebound.
6:38 of 1st period - Ben King wins face-off versus Josh Doan in Wolves zone.
7:17 of 1st period - David Reinbacher is hit by Josh Doan and loses puck.
7:44 of 1st period - Shot by Ethan Cardwell.
7:44 of 1st period - Shot Misses the Net.
7:46 of 1st period - Shot by Marco Kasper.
7:46 of 1st period - Shot Misses the Net.
7:55 of 1st period - Off-side.
7:56 of 1st period - Zachary Bolduc wins face-off versus Angus Crookshank in neutral zone.
8:00 of 1st period - Off-side.
8:01 of 1st period - Tanner Laczynski wins face-off versus James van Riemsdyk in neutral zone.
8:35 of 1st period - Shot by Angus Crookshank.
8:35 of 1st period - Shot Hit the Post.
8:38 of 1st period - Icing by Daemon Hunt.
8:39 of 1st period - Andrew Agozzino wins face-off versus James van Riemsdyk in Wolves zone.
9:06 of 1st period - Shot by Brennan Othmann.
9:06 of 1st period - Stopped by Connor MurphyG with a rebound.
9:08 of 1st period - Shot by Carson Lambos.
9:08 of 1st period - Stopped by Connor MurphyG with a rebound.
9:10 of 1st period - Shot by Brennan Othmann.
9:10 of 1st period - Stopped by Connor MurphyG without a rebound.
9:11 of 1st period - Ben King wins face-off versus Josh Doan in Heat zone.
9:11 of 1st period - Brennan Othmann is hit by John Klingberg and loses puck.
9:41 of 1st period - Off-side.
9:42 of 1st period - Marco Kasper wins face-off versus Sam Gagner in neutral zone.
9:45 of 1st period - Georgi Merkulov is hit by Ethan Cardwell and loses puck.
9:52 of 1st period - Shot by James van Riemsdyk.
9:52 of 1st period - Shot Blocked by Marcus Bjork.
9:54 of 1st period - Shot by Ethan Cardwell.
9:54 of 1st period - Shot Blocked by Marcus Bjork.
9:56 of 1st period - Shot by Ethan Cardwell.
9:56 of 1st period - Shot Blocked by Marcus Bjork.
9:58 of 1st period - Shot by James van Riemsdyk.
9:58 of 1st period - Shot Misses the Net.
10:00 of 1st period - Shot by James van Riemsdyk.
10:00 of 1st period - Stopped by Connor MurphyG without a rebound.
10:01 of 1st period - Nils aman wins face-off versus Andrew Agozzino in Heat zone.
10:01 of 1st period - Zachary Bolduc is hit by Mike Reilly and loses puck.
10:14 of 1st period - Icing by Daemon Hunt.
10:15 of 1st period - Kyle McDonald wins face-off versus Jiri Kulich in Wolves zone.
10:24 of 1st period - Shot by Nils aman.
10:24 of 1st period - Deflect By Zachary Bolduc.
10:24 of 1st period - Stopped by Connor MurphyG without a rebound.
10:25 of 1st period - Jayson Megna wins face-off versus Ben King in Heat zone.
10:37 of 1st period - Icing by Carson Lambos.
10:38 of 1st period - Jiri Kulich wins face-off versus Ben King in Wolves zone.
10:45 of 1st period - Shot by Georgi Merkulov.
10:45 of 1st period - Shot Misses the Net.
10:47 of 1st period - Shot by Jiri Kulich.
10:47 of 1st period - Goal by Jiri Kulich - Heat : 1 - Wolves : 0.
10:48 of 1st period - James van Riemsdyk wins face-off versus Tanner Laczynski in neutral zone.
12:01 of 1st period - Shot by Fabian Lysell.
12:01 of 1st period - Stopped by Connor MurphyG with a rebound.
12:03 of 1st period - Shot by Fabian Lysell.
12:03 of 1st period - Shot Misses the Net.
12:27 of 1st period - Shot by James van Riemsdyk.
12:27 of 1st period - Shot Misses the Net.
12:29 of 1st period - Shot by Marco Kasper.
12:29 of 1st period - Shot Blocked by John Klingberg.
12:31 of 1st period - Shot by Ethan Cardwell.
12:31 of 1st period - Deflect By James van Riemsdyk.
12:31 of 1st period - Stopped by Connor MurphyG without a rebound.
12:32 of 1st period - Nils aman wins face-off versus Sam Gagner in Heat zone.
12:33 of 1st period - Shot by Zachary Bolduc.
12:33 of 1st period - Deflect By Kyle McDonald.
12:33 of 1st period - Stopped by Connor MurphyG with a rebound.
12:39 of 1st period - Georgi Merkulov is hit by Zachary Bolduc and loses puck.
12:45 of 1st period - Off-side.
12:46 of 1st period - Jayson Megna wins face-off versus Nils aman in neutral zone.
13:12 of 1st period - Minor Penalty to Nathan Walker for High sticking.
13:13 of 1st period - Andrew Agozzino wins face-off versus Ben King in Heat zone.
14:12 of 1st period - Shot by Zachary Bolduc.
14:12 of 1st period - Shot Misses the Net.
14:16 of 1st period - Shot by Zachary Bolduc.
14:16 of 1st period - Shot Blocked by Alex Goligoski.
14:18 of 1st period - Shot by Nils aman.
14:18 of 1st period - Stopped by Connor MurphyG with a rebound.
14:22 of 1st period - Shot by Logan Mailloux.
14:22 of 1st period - Stopped by Connor MurphyG without a rebound.
14:23 of 1st period - Andrew Agozzino wins face-off versus Ben King in Heat zone.
14:31 of 1st period - Icing by Fabian Lysell.
14:32 of 1st period - Ben King wins face-off versus Andrew Agozzino in Wolves zone.
14:48 of 1st period - Shot by Fabian Lysell.
14:48 of 1st period - Shot Blocked by Alex Goligoski.
15:21 of 1st period - Shot by Ethan Cardwell.
15:21 of 1st period - Shot Blocked by Joel Hanley.
15:23 of 1st period - Shot by Corson Ceulemans.
15:23 of 1st period - Shot Misses the Net.
15:25 of 1st period - Shot by James van Riemsdyk.
15:25 of 1st period - Shot Misses the Net.
15:43 of 1st period - Shot by Ethan Cardwell.
15:43 of 1st period - Stopped by Connor MurphyG with a rebound.
15:45 of 1st period - Shot by Ethan Cardwell.
15:45 of 1st period - Goal by Ethan Cardwell - Heat : 1 - Wolves : 1.
15:46 of 1st period - Nils aman wins face-off versus Jayson Megna in neutral zone.
15:54 of 1st period - Icing by John Klingberg.
15:55 of 1st period - Zachary Bolduc wins face-off versus Jayson Megna in Heat zone.
15:58 of 1st period - Shot by Kyle McDonald.
15:58 of 1st period - Shot Misses the Net.
16:08 of 1st period - Icing by Zachary Bolduc.
16:09 of 1st period - Zachary Bolduc wins face-off versus Max McCormick in Wolves zone.
17:01 of 1st period - Shot by Sam Gagner.
17:01 of 1st period - Deflect By Georgi Merkulov.
17:01 of 1st period - Shot Misses the Net.
17:11 of 1st period - Shot by Sam Gagner.
17:11 of 1st period - Stopped by Yaroslav Askarov without a rebound.
17:12 of 1st period - Marco Kasper wins face-off versus Jayson Megna in Wolves zone.
17:12 of 1st period - Marco Kasper is hit by Nathan Walker.
18:16 of 1st period - Icing by Anthony Richard.
18:17 of 1st period - Tanner Laczynski wins face-off versus James van Riemsdyk in Heat zone.
18:17 of 1st period - Tanner Laczynski is hit by Kyle McDonald.
18:39 of 1st period - Shot by James van Riemsdyk.
18:39 of 1st period - Stopped by Connor MurphyG without a rebound.
18:40 of 1st period - Ben King wins face-off versus Jiri Kulich in Heat zone.
18:43 of 1st period - Shot by Brennan Othmann.
18:43 of 1st period - Shot Blocked by Marcus Bjork.
18:48 of 1st period - Off-side.
18:49 of 1st period - Ben King wins face-off versus Andrew Agozzino in neutral zone.
Goals for this period are 1 for Heat vs 1 for Wolves.
Shots for this period are 9 for Heat vs 15 for Wolves.

2nd period


0:01 of 2nd period - Tanner Laczynski wins face-off versus James van Riemsdyk in neutral zone.
0:01 of 2nd period - Tanner Laczynski is hit by Kyle McDonald.
0:04 of 2nd period - John Klingberg is hit by Kyle McDonald and loses puck.
0:09 of 2nd period - Tanner Laczynski is hit by Kyle McDonald and loses puck.
0:14 of 2nd period - Shot by James van Riemsdyk.
0:14 of 2nd period - Stopped by Connor MurphyG without a rebound.
0:15 of 2nd period - Ben King wins face-off versus Jiri Kulich in Heat zone.
0:18 of 2nd period - Shot by Brennan Othmann.
0:18 of 2nd period - Stopped by Connor MurphyG with a rebound.
1:07 of 2nd period - Icing by Jiri Kulich.
1:08 of 2nd period - Sam Gagner wins face-off versus James van Riemsdyk in Heat zone.
1:16 of 2nd period - Off-side.
1:17 of 2nd period - Tanner Laczynski wins face-off versus Marco Kasper in neutral zone.
1:36 of 2nd period - Shot by Samuel Bolduc.
1:36 of 2nd period - Shot Misses the Net.
1:38 of 2nd period - Shot by Daemon Hunt.
1:38 of 2nd period - Stopped by Connor MurphyG without a rebound.
1:39 of 2nd period - Jayson Megna wins face-off versus Nils aman in Heat zone.
1:46 of 2nd period - Shot by Josh Doan.
1:46 of 2nd period - Stopped by Yaroslav Askarov with a rebound.
2:40 of 2nd period - Shot by Samuel Bolduc.
2:40 of 2nd period - Shot Misses the Net.
2:42 of 2nd period - Shot by Daemon Hunt.
2:42 of 2nd period - Shot Misses the Net.
2:52 of 2nd period - Shot by James van Riemsdyk.
2:52 of 2nd period - Stopped by Connor MurphyG with a rebound.
2:54 of 2nd period - Shot by Ethan Cardwell.
2:54 of 2nd period - Stopped by Connor MurphyG without a rebound.
2:55 of 2nd period - Ben King wins face-off versus Tanner Laczynski in Heat zone.
2:56 of 2nd period - Shot by Fabian Lysell.
2:56 of 2nd period - Shot Blocked by Mike Reilly.
2:58 of 2nd period - Shot by Fabian Lysell.
2:58 of 2nd period - Stopped by Connor MurphyG without a rebound.
2:59 of 2nd period - Ben King wins face-off versus Tanner Laczynski in Heat zone.
3:08 of 2nd period - Minor Penalty to Ben King for High sticking.
3:09 of 2nd period - Jiri Kulich wins face-off versus Zachary Bolduc in Wolves zone.
4:24 of 2nd period - Shot by Nathan Walker.
4:24 of 2nd period - Deflect By Josh Doan.
4:24 of 2nd period - Stopped by Yaroslav Askarov without a rebound.
4:25 of 2nd period - Jiri Kulich wins face-off versus Fabian Lysell in Wolves zone.
4:32 of 2nd period - Shot by Mike Reilly.
4:32 of 2nd period - Goal by Mike Reilly - Heat : 2 - Wolves : 1.
4:33 of 2nd period - Tanner Laczynski wins face-off versus James van Riemsdyk in neutral zone.
4:33 of 2nd period - Minor Penalty to Luke Toporowski for Interference.
4:34 of 2nd period - Nathan Walker wins face-off versus Fabian Lysell in Wolves zone.
5:23 of 2nd period - Shot by Sam Gagner.
5:23 of 2nd period - Goal by Sam Gagner - Heat : 3 - Wolves : 1.
5:24 of 2nd period - Tanner Laczynski wins face-off versus Kyle McDonald in neutral zone.
5:33 of 2nd period - Minor Penalty to Samuel Bolduc for Tripping.
5:34 of 2nd period - Georgi Merkulov wins face-off versus Fabian Lysell in Wolves zone.
5:53 of 2nd period - Shot by Sam Gagner.
5:53 of 2nd period - Shot Misses the Net.
5:55 of 2nd period - Shot by Ryan Johnson.
5:55 of 2nd period - Shot Blocked by Logan Mailloux.
5:57 of 2nd period - Shot by Georgi Merkulov.
5:57 of 2nd period - Stopped by Yaroslav Askarov without a rebound.
5:58 of 2nd period - Fabian Lysell wins face-off versus Jayson Megna in Wolves zone.
6:21 of 2nd period - Shot by Alex Goligoski.
6:21 of 2nd period - Stopped by Yaroslav Askarov without a rebound.
6:22 of 2nd period - Jiri Kulich wins face-off versus Nils aman in Wolves zone.
7:13 of 2nd period - Shot by Nils aman.
7:13 of 2nd period - Shot Misses the Net.
7:44 of 2nd period - Shot by Alex Goligoski.
7:44 of 2nd period - Stopped by Yaroslav Askarov without a rebound.
7:45 of 2nd period - Jayson Megna wins face-off versus James van Riemsdyk in Wolves zone.
7:58 of 2nd period - Shot by James van Riemsdyk.
7:58 of 2nd period - Shot Misses the Net.
8:12 of 2nd period - Shot by Daemon Hunt.
8:12 of 2nd period - Stopped by Connor MurphyG with a rebound.
8:14 of 2nd period - Shot by Samuel Bolduc.
8:14 of 2nd period - Shot Misses the Net.
8:41 of 2nd period - Brennan Othmann is hit by Marcus Bjork.
8:42 of 2nd period - Minor Penalty to Ryan Johnson for Roughing.
8:43 of 2nd period - Chris Terry wins face-off versus Nils aman in Heat zone.
12:20 of 2nd period - Shot by Chris Terry.
12:20 of 2nd period - Shot Misses the Net.
12:22 of 2nd period - Shot by Mike Reilly.
12:22 of 2nd period - Stopped by Yaroslav Askarov with a rebound.
12:24 of 2nd period - Shot by Chris Terry.
12:24 of 2nd period - Shot Misses the Net.
12:26 of 2nd period - Shot by Ryan Johnson.
12:26 of 2nd period - Shot Blocked by Daemon Hunt.
13:01 of 2nd period - Jiri Kulich is hit by Ethan Cardwell and loses puck.
13:26 of 2nd period - Shot by Nils aman.
13:26 of 2nd period - Stopped by Connor MurphyG with a rebound.
13:28 of 2nd period - Shot by Kyle McDonald.
13:28 of 2nd period - Goal by Kyle McDonald - Heat : 3 - Wolves : 2.
13:29 of 2nd period - Nils aman wins face-off versus Jayson Megna in neutral zone.
13:29 of 2nd period - Zachary Bolduc is hit by Nathan Walker and loses puck.
13:33 of 2nd period - Off-side.
13:34 of 2nd period - Andrew Agozzino wins face-off versus Ben King in neutral zone.
13:36 of 2nd period - Off-side.
13:37 of 2nd period - Andrew Agozzino wins face-off versus Ben King in neutral zone.
13:37 of 2nd period - Andrew Agozzino is hit by Fabian Lysell.
13:45 of 2nd period - Shot by Chris Terry.
13:45 of 2nd period - Shot Misses the Net.
14:05 of 2nd period - Shot by Brennan Othmann.
14:05 of 2nd period - Shot Blocked by Joel Hanley.
14:15 of 2nd period - Kyle McDonald is hit by Andrew Agozzino.
14:32 of 2nd period - Off-side.
14:33 of 2nd period - Marco Kasper wins face-off versus Nathan Walker in neutral zone.
14:33 of 2nd period - Marco Kasper is hit by Jayson Megna.
14:37 of 2nd period - Shot by Ethan Cardwell.
14:37 of 2nd period - Stopped by Connor MurphyG without a rebound.
14:38 of 2nd period - Marco Kasper wins face-off versus Tanner Laczynski in Heat zone.
15:07 of 2nd period - Shot by Tanner Laczynski.
15:07 of 2nd period - Stopped by Yaroslav Askarov without a rebound.
15:08 of 2nd period - Nils aman wins face-off versus Jayson Megna in Wolves zone.
15:32 of 2nd period - Shot by Kyle McDonald.
15:32 of 2nd period - Shot Hit the Post.
16:07 of 2nd period - Shot by Georgi Merkulov.
16:07 of 2nd period - Shot Blocked by Kyle McDonald.
16:40 of 2nd period - Shot by Ethan Cardwell.
16:40 of 2nd period - Shot Blocked by Marcus Bjork.
17:18 of 2nd period - Icing by Ryan Johnson.
17:19 of 2nd period - Jiri Kulich wins face-off versus Ben King in Heat zone.
17:19 of 2nd period - Jiri Kulich is hit by Ben King.
17:24 of 2nd period - Ryan Johnson is hit by Brennan Othmann and loses puck.
17:51 of 2nd period - Shot by Brennan Othmann.
17:51 of 2nd period - Shot Misses the Net.
17:58 of 2nd period - Icing by Marcus Bjork.
17:59 of 2nd period - James van Riemsdyk wins face-off versus Jiri Kulich in Heat zone.
18:00 of 2nd period - Shot by Luke Toporowski.
18:00 of 2nd period - Shot Misses the Net.
18:02 of 2nd period - Shot by Kyle McDonald.
18:02 of 2nd period - Shot Blocked by Jiri Kulich.
18:09 of 2nd period - Icing by Sam Gagner.
18:10 of 2nd period - Jiri Kulich wins face-off versus Marco Kasper in Heat zone.
18:37 of 2nd period - Shot by Tanner Laczynski.
18:37 of 2nd period - Shot Blocked by Corson Ceulemans.
18:39 of 2nd period - Shot by John Klingberg.
18:39 of 2nd period - Shot Misses the Net.
19:22 of 2nd period - Shot by Andrew Agozzino.
19:22 of 2nd period - Shot Misses the Net.
19:24 of 2nd period - Shot by Chris Terry.
19:24 of 2nd period - Shot Misses the Net.
19:30 of 2nd period - Shot by Chris Terry.
19:30 of 2nd period - Stopped by Yaroslav Askarov with a rebound.
19:32 of 2nd period - Shot by Max McCormick.
19:32 of 2nd period - Stopped by Yaroslav Askarov without a rebound.
19:33 of 2nd period - Nils aman wins face-off versus Jayson Megna in Wolves zone.
19:45 of 2nd period - Shot by Daemon Hunt.
19:45 of 2nd period - Stopped by Connor MurphyG without a rebound.
19:46 of 2nd period - Ben King wins face-off versus Jayson Megna in Heat zone.
19:55 of 2nd period - Shot by Brennan Othmann.
19:55 of 2nd period - Stopped by Connor MurphyG without a rebound.
19:56 of 2nd period - Max McCormick wins face-off versus Kyle McDonald in Heat zone.
Goals for this period are 2 for Heat vs 1 for Wolves.
Shots for this period are 11 for Heat vs 12 for Wolves.

3rd period


0:01 of 3rd period - Tanner Laczynski wins face-off versus James van Riemsdyk in neutral zone.
0:09 of 3rd period - Off-side.
0:10 of 3rd period - Andrew Agozzino wins face-off versus Ben King in neutral zone.
0:40 of 3rd period - Shot by Ben King.
0:40 of 3rd period - Shot Misses the Net.
0:42 of 3rd period - Shot by Ben King.
0:42 of 3rd period - Stopped by Connor MurphyG without a rebound.
0:43 of 3rd period - Tanner Laczynski wins face-off versus James van Riemsdyk in Heat zone.
0:49 of 3rd period - Alex Goligoski is hit by Luke Toporowski and loses puck.
0:58 of 3rd period - Shot by Angus Crookshank.
0:58 of 3rd period - Shot Misses the Net.
1:20 of 3rd period - Alex Goligoski is hit by Luke Toporowski and loses puck.
1:30 of 3rd period - Off-side.
1:31 of 3rd period - Ben King wins face-off versus Jayson Megna in neutral zone.
2:25 of 3rd period - Shot by Nils aman.
2:25 of 3rd period - Stopped by Connor MurphyG with a rebound.
3:44 of 3rd period - Icing by John Klingberg.
3:45 of 3rd period - Andrew Agozzino wins face-off versus Nils aman in Heat zone.
3:52 of 3rd period - Shot by Andrew Agozzino.
3:52 of 3rd period - Stopped by Yaroslav Askarov without a rebound.
3:53 of 3rd period - Tanner Laczynski wins face-off versus Ben King in Wolves zone.
3:55 of 3rd period - Angus Crookshank is hit by Carson Lambos and loses puck.
4:05 of 3rd period - Icing by Corson Ceulemans.
4:06 of 3rd period - Ben King wins face-off versus Jiri Kulich in Wolves zone.
4:19 of 3rd period - Jiri Kulich is hit by Carson Lambos and loses puck.
4:26 of 3rd period - Fabian Lysell is hit by Georgi Merkulov and loses puck.
4:32 of 3rd period - Icing by Carson Lambos.
4:33 of 3rd period - Tanner Laczynski wins face-off versus Ben King in Wolves zone.
4:36 of 3rd period - Shot by Anthony Richard.
4:36 of 3rd period - Shot Misses the Net.
5:10 of 3rd period - Daemon Hunt is hit by Tanner Laczynski and loses puck.
5:24 of 3rd period - Off-side.
5:25 of 3rd period - Nils aman wins face-off versus Andrew Agozzino in neutral zone.
5:38 of 3rd period - Shot by Zachary Bolduc.
5:38 of 3rd period - Deflect By Nils aman.
5:38 of 3rd period - Shot Misses the Net.
6:07 of 3rd period - Shot by James van Riemsdyk.
6:07 of 3rd period - Shot Blocked by John Klingberg.
6:09 of 3rd period - Shot by Daemon Hunt.
6:09 of 3rd period - Stopped by Connor MurphyG without a rebound.
6:10 of 3rd period - Marco Kasper wins face-off versus Jiri Kulich in Heat zone.
7:25 of 3rd period - Shot by Marcus Bjork.
7:25 of 3rd period - Shot Misses the Net.
8:21 of 3rd period - Icing by Angus Crookshank.
8:22 of 3rd period - Tanner Laczynski wins face-off versus James van Riemsdyk in Heat zone.
8:22 of 3rd period - Ryan Johnson is hit by Luke Toporowski and loses puck.
8:40 of 3rd period - Shot by James van Riemsdyk.
8:40 of 3rd period - Goal by James van Riemsdyk - Heat : 3 - Wolves : 3.
8:41 of 3rd period - Ben King wins face-off versus Max McCormick in neutral zone.
8:52 of 3rd period - Shot by Fabian Lysell.
8:52 of 3rd period - Shot Blocked by Alex Goligoski.
8:54 of 3rd period - Shot by Daemon Hunt.
8:54 of 3rd period - Shot Misses the Net.
8:56 of 3rd period - Shot by Daemon Hunt.
8:56 of 3rd period - Shot Misses the Net.
9:17 of 3rd period - Icing by Alex Goligoski.
9:18 of 3rd period - Andrew Agozzino wins face-off versus James van Riemsdyk in Heat zone.
9:27 of 3rd period - Shot by Chris Terry.
9:27 of 3rd period - Stopped by Yaroslav Askarov without a rebound.
9:28 of 3rd period - Nils aman wins face-off versus Jayson Megna in Wolves zone.
9:28 of 3rd period - Nils aman is hit by Jayson Megna.
9:47 of 3rd period - Nils aman is hit by Joel Hanley and loses puck.
9:51 of 3rd period - Icing by Nathan Walker.
9:52 of 3rd period - Jayson Megna wins face-off versus James van Riemsdyk in Heat zone.
9:52 of 3rd period - Jayson Megna is hit by James van Riemsdyk.
10:17 of 3rd period - Minor Penalty to Mike Reilly for Slashing.
10:18 of 3rd period - Andrew Agozzino wins face-off versus Nils aman in Heat zone.
11:05 of 3rd period - Shot by Brennan Othmann.
11:05 of 3rd period - Shot Misses the Net.
11:07 of 3rd period - Shot by David Reinbacher.
11:07 of 3rd period - Stopped by Connor MurphyG without a rebound.
11:08 of 3rd period - Ben King wins face-off versus Tanner Laczynski in Heat zone.
11:56 of 3rd period - Daemon Hunt is hit by Alex Goligoski and loses puck.
13:06 of 3rd period - Shot by Brennan Othmann.
13:06 of 3rd period - Stopped by Connor MurphyG without a rebound.
13:07 of 3rd period - Tanner Laczynski wins face-off versus Ben King in Heat zone.
13:16 of 3rd period - Shot by Ben King.
13:16 of 3rd period - Shot Misses the Net.
13:58 of 3rd period - Shot by Zachary Bolduc.
13:58 of 3rd period - Stopped by Connor MurphyG with a rebound.
14:00 of 3rd period - Shot by Kyle McDonald.
14:00 of 3rd period - Shot Blocked by Alex Goligoski.
14:02 of 3rd period - Shot by Samuel Bolduc.
14:02 of 3rd period - Shot Blocked by Alex Goligoski.
14:04 of 3rd period - Shot by Nils aman.
14:04 of 3rd period - Shot Blocked by John Klingberg.
14:14 of 3rd period - Shot by Jiri Kulich.
14:14 of 3rd period - Goal by Jiri Kulich - Heat : 4 - Wolves : 3.
14:15 of 3rd period - Chris Terry wins face-off versus Marco Kasper in neutral zone.
14:15 of 3rd period - Mike Reilly is hit by Marco Kasper and loses puck.
14:23 of 3rd period - Minor Penalty to Marco Kasper for Delaying the game.
14:24 of 3rd period - Fabian Lysell wins face-off versus Jayson Megna in Wolves zone.
14:49 of 3rd period - Shot by Josh Doan.
14:49 of 3rd period - Shot Misses the Net.
14:51 of 3rd period - Shot by Ryan Johnson.
14:51 of 3rd period - Stopped by Yaroslav Askarov without a rebound.
14:52 of 3rd period - Ben King wins face-off versus Jiri Kulich in Wolves zone.
14:58 of 3rd period - Shot by John Klingberg.
14:58 of 3rd period - Shot Misses the Net.
15:00 of 3rd period - Shot by Sam Gagner.
15:00 of 3rd period - Stopped by Yaroslav Askarov with a rebound.
15:02 of 3rd period - Shot by John Klingberg.
15:02 of 3rd period - Stopped by Yaroslav Askarov without a rebound.
15:03 of 3rd period - Jiri Kulich wins face-off versus Fabian Lysell in Wolves zone.
15:11 of 3rd period - Icing by John Klingberg.
15:12 of 3rd period - Fabian Lysell wins face-off versus Jiri Kulich in Heat zone.
15:15 of 3rd period - Shot by Zachary Bolduc.
15:15 of 3rd period - Shot Misses the Net.
15:20 of 3rd period - Icing by Georgi Merkulov.
15:21 of 3rd period - Jiri Kulich wins face-off versus Fabian Lysell in Heat zone.
15:42 of 3rd period - Shot by Alex Goligoski.
15:42 of 3rd period - Stopped by Yaroslav Askarov without a rebound.
15:43 of 3rd period - Jayson Megna wins face-off versus Nils aman in Wolves zone.
15:44 of 3rd period - Shot by Mike Reilly.
15:44 of 3rd period - Stopped by Yaroslav Askarov with a rebound.
15:46 of 3rd period - Shot by Josh Doan.
15:46 of 3rd period - Stopped by Yaroslav Askarov without a rebound.
15:47 of 3rd period - Fabian Lysell wins face-off versus Jayson Megna in Wolves zone.
15:47 of 3rd period - Fabian Lysell is hit by Nathan Walker.
15:55 of 3rd period - Shot by Zachary Bolduc.
15:55 of 3rd period - Shot Misses the Net.
16:11 of 3rd period - Shot by Josh Doan.
16:11 of 3rd period - Goal by Josh Doan - Heat : 5 - Wolves : 3.
16:12 of 3rd period - Andrew Agozzino wins face-off versus Luke Toporowski in neutral zone.
16:15 of 3rd period - James van Riemsdyk is hit by Andrew Agozzino and loses puck.
16:33 of 3rd period - Shot by James van Riemsdyk.
16:33 of 3rd period - Stopped by Connor MurphyG without a rebound.
16:34 of 3rd period - Jiri Kulich wins face-off versus Marco Kasper in Heat zone.
16:47 of 3rd period - Shot by Jiri Kulich.
16:47 of 3rd period - Deflect By Georgi Merkulov.
16:47 of 3rd period - Stopped by Yaroslav Askarov without a rebound.
16:48 of 3rd period - Andrew Agozzino wins face-off versus Ben King in Wolves zone.
16:53 of 3rd period - Shot by Max McCormick.
16:53 of 3rd period - Stopped by Yaroslav Askarov without a rebound.
16:54 of 3rd period - Nils aman wins face-off versus Andrew Agozzino in Wolves zone.
17:01 of 3rd period - Shot by Zachary Bolduc.
17:01 of 3rd period - Shot Blocked by Joel Hanley.
17:03 of 3rd period - Shot by Zachary Bolduc.
17:03 of 3rd period - Stopped by Connor MurphyG without a rebound.
17:04 of 3rd period - Jayson Megna wins face-off versus James van Riemsdyk in Heat zone.
17:04 of 3rd period - Jayson Megna is hit by Kyle McDonald.
17:26 of 3rd period - Shot by Nathan Walker.
17:26 of 3rd period - Stopped by Yaroslav Askarov without a rebound.
17:27 of 3rd period - Andrew Agozzino wins face-off versus Ben King in Wolves zone.
17:29 of 3rd period - Minor Penalty to Samuel Bolduc for Cross-checking.
17:30 of 3rd period - Jiri Kulich wins face-off versus Fabian Lysell in Wolves zone.
17:39 of 3rd period - Shot by Mike Reilly.
17:39 of 3rd period - Deflect By Jiri Kulich.
17:39 of 3rd period - Shot Misses the Net.
17:41 of 3rd period - Shot by Sam Gagner.
17:41 of 3rd period - Stopped by Yaroslav Askarov with a rebound.
18:02 of 3rd period - Icing by Mike Reilly.
18:03 of 3rd period - Jiri Kulich wins face-off versus Fabian Lysell in Heat zone.
18:54 of 3rd period - Shot by John Klingberg.
18:54 of 3rd period - Shot Misses the Net.
18:58 of 3rd period - Shot by Jayson Megna.
18:58 of 3rd period - Shot Misses the Net.
19:00 of 3rd period - Shot by Nathan Walker.
19:00 of 3rd period - Stopped by Yaroslav Askarov without a rebound.
19:01 of 3rd period - Jiri Kulich wins face-off versus Nils aman in Wolves zone.
19:06 of 3rd period - Shot by Sam Gagner.
19:06 of 3rd period - Shot Misses the Net.
19:16 of 3rd period - Shot by Jiri Kulich.
19:16 of 3rd period - Stopped by Yaroslav Askarov without a rebound.
19:17 of 3rd period - Nils aman wins face-off versus Jayson Megna in Wolves zone.
19:32 of 3rd period - Icing by Max McCormick.
19:33 of 3rd period - James van Riemsdyk wins face-off versus Max McCormick in Heat zone.
19:42 of 3rd period - Shot by Kyle McDonald.
19:42 of 3rd period - Deflect By James van Riemsdyk.
19:42 of 3rd period - Stopped by Connor MurphyG without a rebound.
19:43 of 3rd period - Marco Kasper wins face-off versus Tanner Laczynski in Heat zone.
19:43 of 3rd period - Minor Penalty to Alex Goligoski for Hooking.
19:44 of 3rd period - Tanner Laczynski wins face-off versus Kyle McDonald in Heat zone.
19:59 of 3rd period - Shot by Zachary Bolduc.
19:59 of 3rd period - Deflect By Kyle McDonald.
19:59 of 3rd period - Shot Misses the Net.
Goals for this period are 2 for Heat vs 1 for Wolves.
Shots for this period are 16 for Heat vs 10 for Wolves.